MLB
CALIFORNIA ANGELS @ KANSAS CITY ROYALS
08/26/2045
 
TOP OF THE 1ST
California Angels batting - Pitching for Kansas City Royals : RHP Jimmy Silveira IV
Pitching: RHP Jimmy Silveira IV
Batting: RHB Nick Dunn 0-0: Called Strike
0-1: Ball
1-1: Swinging Strike
1-2: Ground out 6-3 (Groundball, 6, EV 81.2 MPH)
Batting: RHB Dietmar Warmisch 0-0: Called Strike
0-1: Foul Ball, location: 2F
0-2: Strikes out swinging
Batting: LHB Micah Miller 0-0: Called Strike
0-1: Called Strike
0-2: Strikes out swinging
Top of the 1st over - 0 runs, 0 hits, 0 errors, 0 left on base; California 0 - Kansas City 0
BOTTOM OF THE 1ST
Kansas City Royals batting - Pitching for California Angels : RHP Ben Sedlacek
Pitching: RHP Ben Sedlacek
Batting: RHB Mike Jaquez 0-0: Called Strike
0-1: Foul Ball, location: 2F
0-2: Strikes out looking
Batting: RHB Adam Martin 0-0: Called Strike
0-1: Fly out, F5 (Popup, 5, EV 67.5 MPH)
Batting: SHB Tony Prado 0-0: Ball
1-0: Ball
2-0: Called Strike
2-1: Ball
3-1: Foul Ball, location: 2F
3-2: Base on Balls
Batting: LHB Manny Estrada 0-0: Swinging Strike
0-1: Ball
1-1: Foul Ball, location: 2F
1-2: SINGLE (Groundball, 34S, EV 66.2 MPH) (infield hit)
Tony Prado to second
Batting: SHB Gil Switzer 0-0: Ball
1-0: Ball
2-0: SINGLE (Groundball, 6MD, EV 105.0 MPH)
Tony Prado to third
Manny Estrada to second
Runner from 3rd tries for Home, SAFE, throw by CF to home
Batting: RHB Imbart Faber 0-0: Ball
1-0: Called Strike
1-1: DOUBLE (Line Drive, 89M, EV 93.1 MPH)
Manny Estrada scores
Gil Switzer to third
Runner from 3rd tries for Home, throw by CF and OUT! 8-4-2
Bottom of the 1st over - 2 runs, 3 hits, 0 errors, 1 left on base; California 0 - Kansas City 2
TOP OF THE 2ND
California Angels batting - Pitching for Kansas City Royals : RHP Jimmy Silveira IV
Batting: RHB Jasper Burd 0-0: Ball
1-0: Foul Ball, location: 2F
1-1: Ball
2-1: Swinging Strike
2-2: Ball
3-2: Strikes out swinging
Batting: RHB Mike Harkins 0-0: Swinging Strike
0-1: Ball
1-1: Ball
2-1: DOUBLE (Line Drive, 9LM, EV 105.0 MPH)
Batting: LHB Jack Bell 0-0: Ball
1-0: Ball
2-0: Foul Ball, location: 2F
2-1: Swinging Strike
2-2: Foul Ball, location: 2F
2-2: Ball
3-2: Strikes out swinging
Batting: RHB Avery Maxwell 0-0: Called Strike
0-1: Ball
1-1: Swinging Strike
1-2: Strikes out swinging
Top of the 2nd over - 0 runs, 1 hit, 0 errors, 1 left on base; California 0 - Kansas City 2
BOTTOM OF THE 2ND
Kansas City Royals batting - Pitching for California Angels : RHP Ben Sedlacek
Batting: LHB Zion Davidson 0-0: Ball
1-0: Ball
2-0: Called Strike
2-1: Swinging Strike
2-2: Ball
3-2: Foul Ball, location: 2F
3-2: Strikes out swinging
Batting: LHB Sam Britt 0-0: Ball
1-0: Foul Ball, location: 2F
1-1: Foul Ball, location: 2F
1-2: Ball
2-2: Ground out 5-3 (Groundball, 5L, EV 83.8 MPH)
Batting: RHB Aaron Matthews 0-0: Called Strike
0-1: Ball
1-1: SINGLE (Groundball, 56S, EV 68.1 MPH) (infield hit)
Batting: RHB Mike Jaquez 0-0: Foul Ball, location: 2F
0-1: Ball
1-1: Ground out 5-3 (Groundball, 56, EV 103.1 MPH)
Bottom of the 2nd over - 0 runs, 1 hit, 0 errors, 1 left on base; California 0 - Kansas City 2
TOP OF THE 3RD
California Angels batting - Pitching for Kansas City Royals : RHP Jimmy Silveira IV
Batting: RHB Justin Lauderdale 0-0: Foul Ball, location: 2F
0-1: Called Strike
0-2: Ball
1-2: Strikes out swinging
Batting: RHB Danny Odom 0-0: Swinging Strike
0-1: Called Strike
0-2: Ball
1-2: Strikes out swinging
Batting: RHB Nick Dunn 0-0: Ball
1-0: Fly out, F6 (Popup, 56, EV 78.8 MPH)
Top of the 3rd over - 0 runs, 0 hits, 0 errors, 0 left on base; California 0 - Kansas City 2
BOTTOM OF THE 3RD
Kansas City Royals batting - Pitching for California Angels : RHP Ben Sedlacek
Batting: RHB Adam Martin 0-0: Ball
1-0: Ball
2-0: Ball
3-0: Called Strike
3-1: Swinging Strike
3-2: Foul Ball, location: 2F
3-2: Ground out 5-3 (Groundball, 56, EV 87.5 MPH)
Batting: SHB Tony Prado 0-0: Called Strike
0-1: Ball
1-1: Fly out, F9 (Line Drive, 9, EV 90.6 MPH)
Batting: LHB Manny Estrada 0-0: Ball
1-0: SINGLE (Line Drive, 7LM, EV 106.2 MPH)
Batting: SHB Gil Switzer 0-0: Ground out 4-3 (Groundball, 4, EV 100.6 MPH)
Bottom of the 3rd over - 0 runs, 1 hit, 0 errors, 1 left on base; California 0 - Kansas City 2
TOP OF THE 4TH
California Angels batting - Pitching for Kansas City Royals : RHP Jimmy Silveira IV
Batting: RHB Dietmar Warmisch 0-0: Foul Ball, location: 2F
0-1: Ground out U3 (Groundball, 3, EV 83.8 MPH)
Batting: LHB Micah Miller 0-0: Ball
1-0: Swinging Strike
1-1: Ball
2-1: Foul Ball, location: 2F
2-2: Foul Ball, location: 2F
2-2: Foul Ball, location: 2F
2-2: Strikes out looking
Batting: RHB Jasper Burd 0-0: Swinging Strike
0-1: Called Strike
0-2: Ball
1-2: Ball
2-2: Ball
3-2: Strikes out swinging
Top of the 4th over - 0 runs, 0 hits, 0 errors, 0 left on base; California 0 - Kansas City 2
BOTTOM OF THE 4TH
Kansas City Royals batting - Pitching for California Angels : RHP Ben Sedlacek
Batting: RHB Imbart Faber 0-0: Ball
1-0: TRIPLE (Groundball, 5L, EV 101.9 MPH)
Batting: LHB Zion Davidson 0-0: Called Strike
0-1: Fly out, F7 (Line Drive, 7, EV 96.9 MPH)
Runner from 3rd tags up, SCORES, no throw by LF
Batting: LHB Sam Britt 0-0: Foul Ball, location: 2F
0-1: Ball
1-1: Ball
2-1: Ball
3-1: Base on Balls
Batting: RHB Aaron Matthews 0-0: Ball
1-0: Swinging Strike
1-1: Ball
2-1: Called Strike
2-2: Grounds into double play, 5-4-3 (Groundball, 56, EV 81.2 MPH)
Bottom of the 4th over - 1 run, 1 hit, 0 errors, 0 left on base; California 0 - Kansas City 3
TOP OF THE 5TH
California Angels batting - Pitching for Kansas City Royals : RHP Jimmy Silveira IV
Batting: RHB Mike Harkins 0-0: Ball
1-0: Ball
2-0: Foul Ball, location: 2F
2-1: Swinging Strike
2-2: Strikes out swinging
Batting: LHB Jack Bell 0-0: Called Strike
0-1: Ball
1-1: Ball
2-1: Swinging Strike
2-2: Ball
3-2: Foul Ball, location: 2F
3-2: Base on Balls
Batting: RHB Avery Maxwell 0-0: Called Strike
0-1: Ball
1-1: Ball
2-1: Ball
3-1: Called Strike
3-2: Foul Ball, location: 2F
3-2: Fly out, F8 (Flyball, 8RS, EV 88.8 MPH)
Batting: RHB Justin Lauderdale 0-0: Ball
Wild Pitch!
Jack Bell to second
1-0: SINGLE (Groundball, 34D, EV 107.5 MPH)
Jack Bell to third
Runner from 3rd tries for Home, SAFE, throw by RF to home
Batting: RHB Danny Odom 0-0: Called Strike
0-1: Called Strike
0-2: Ball
1-2: Ball
Justin Lauderdale steals 2nd base (no throw)
2-2: Foul Ball, location: 2F
2-2: Ball
3-2: Strikes out swinging
Top of the 5th over - 1 run, 1 hit, 0 errors, 1 left on base; California 1 - Kansas City 3
BOTTOM OF THE 5TH
Kansas City Royals batting - Pitching for California Angels : RHP Ben Sedlacek
Batting: RHB Mike Jaquez 0-0: Ball
1-0: Fly out, F3 (Popup, 23F, EV 82.5 MPH)
Batting: RHB Adam Martin 0-0: Ball
1-0: Called Strike
1-1: Foul Ball, location: 2F
1-2: Foul Ball, location: 2F
1-2: SINGLE (Groundball, 6MD, EV 110.6 MPH)
Batting: SHB Tony Prado 0-0: Called Strike
0-1: Foul Ball, location: 2F
0-2: Ball
1-2: Grounds into double play, U6-3 (Groundball, 6M, EV 101.2 MPH)
Bottom of the 5th over - 0 runs, 1 hit, 0 errors, 0 left on base; California 1 - Kansas City 3
TOP OF THE 6TH
California Angels batting - Pitching for Kansas City Royals : RHP Jimmy Silveira IV
Batting: RHB Nick Dunn 0-0: Foul Ball, location: 2F
0-1: Fly out, F8 (Line Drive, 8RD, EV 86.2 MPH)
Batting: RHB Dietmar Warmisch 0-0: Swinging Strike
0-1: Ball
1-1: Ball
2-1: Foul Ball, location: 2F
2-2: Ball
3-2: Foul Ball, location: 2F
3-2: Foul Ball, location: 2F
3-2: Fly out, F2 (Popup, 3SF, EV 76.2 MPH)
Batting: LHB Micah Miller 0-0: DOUBLE (Groundball, 3L, EV 103.1 MPH)
Batting: RHB Jasper Burd 0-0: Ball
1-0: Called Strike
1-1: Swinging Strike
1-2: Foul Ball, location: 2F
1-2: Foul Ball, location: 2F
1-2: Foul Ball, location: 2F
1-2: Fly out, F9 (Flyball, 9, EV 73.1 MPH)
Top of the 6th over - 0 runs, 1 hit, 0 errors, 1 left on base; California 1 - Kansas City 3
BOTTOM OF THE 6TH
Kansas City Royals batting - Pitching for California Angels : RHP Ben Sedlacek
Batting: LHB Manny Estrada 0-0: Ball
1-0: Called Strike
1-1: Foul Ball, location: 2F
1-2: Strikes out swinging
Batting: SHB Gil Switzer 0-0: Called Strike
0-1: Called Strike
0-2: Ball
1-2: DOUBLE (Flyball, 8LXD, EV 98.1 MPH) - OUT at third base trying to stretch hit.
Batting: RHB Imbart Faber 0-0: Ball
1-0: Ground out U3 (Groundball, 34S, EV 72.5 MPH)
Bottom of the 6th over - 0 runs, 1 hit, 0 errors, 0 left on base; California 1 - Kansas City 3
TOP OF THE 7TH
California Angels batting - Pitching for Kansas City Royals : RHP Jimmy Silveira IV
Batting: RHB Mike Harkins 0-0: Swinging Strike
0-1: Foul Ball, location: 2F
0-2: Ball
1-2: Strikes out swinging
Pitching: RHP Skyler Webster
Batting: LHB Jack Bell 0-0: Ball
1-0: Ball
2-0: Ball
3-0: Foul Ball, location: 2F
3-1: Swinging Strike
3-2: Base on Balls
Batting: RHB Avery Maxwell 0-0: Ball
1-0: Ball
Jack Bell steals 2nd base
2-0: Ball
3-0: Called Strike
3-1: Base on Balls
Batting: RHB Justin Lauderdale 0-0: Called Strike
Jack Bell steals 3rd, throwing error, E2
Jack Bell scores
Avery Maxwell to third
0-1: Called Strike
0-2: Ball
1-2: Ball
2-2: Foul Ball, location: 2F
2-2: Strikes out looking
Batting: RHB Danny Odom 0-0: Called Strike
0-1: Called Strike
0-2: Strikes out swinging
Top of the 7th over - 1 run, 0 hits, 1 error, 1 left on base; California 2 - Kansas City 3
BOTTOM OF THE 7TH
Kansas City Royals batting - Pitching for California Angels : RHP Ben Sedlacek
Batting: LHB Zion Davidson 0-0: Ball
1-0: DOUBLE (Line Drive, 7LM, EV 95.6 MPH)
Batting: LHB Sam Britt 0-0: Ball
1-0: Fly out, F9 (Flyball, 89S, EV 78.8 MPH)
Batting: RHB Aaron Matthews 0-0: Ball
1-0: Called Strike
1-1: Ball
2-1: Called Strike
2-2: Foul Ball, location: 2F
2-2: Ball
3-2: Base on Balls
Pitching: RHP George Rosario
Batting: RHB Mike Jaquez 0-0: DOUBLE (Line Drive, 7LM, EV 95.0 MPH)
Zion Davidson scores
Aaron Matthews to third
Batting: LHB Bill Baconneck 0-0: Ball
1-0: Ball
2-0: Ball
3-0: Base on Balls
Batting: SHB Tony Prado 0-0: Ball
1-0: Ball
2-0: Ball
3-0: Base on Balls
Aaron Matthews scores
Mike Jaquez to third
Bill Baconneck to second
Batting: LHB Manny Estrada 0-0: Ball
1-0: Ball
2-0: Called Strike
2-1: Foul Ball, location: 2F
2-2: Foul Ball, location: 2F
2-2: Strikes out swinging
Batting: SHB Gil Switzer 0-0: Ball
1-0: SINGLE (Flyball, 78S, EV 98.1 MPH)
Mike Jaquez scores
Bill Baconneck to third
Tony Prado to second
Runner from 3rd tries for Home, SAFE, throw by LF to home
Batting: RHB Imbart Faber 0-0: Called Strike
0-1: Foul Ball, location: 2F
0-2: Strikes out looking
Bottom of the 7th over - 4 runs, 3 hits, 0 errors, 2 left on base; California 2 - Kansas City 7
TOP OF THE 8TH
California Angels batting - Pitching for Kansas City Royals : RHP Skyler Webster
Batting: RHB Nick Dunn 0-0: Ball
1-0: Called Strike
1-1: Ball
2-1: Fly out, F9 (Flyball, 9LM, EV 79.4 MPH)
Batting: RHB Dietmar Warmisch 0-0: Ball
1-0: Called Strike
1-1: Fly out, F4 (Popup, 4, EV 58.8 MPH)
Batting: LHB Micah Miller 0-0: Ball
1-0: Ball
2-0: Ball
3-0: Base on Balls
Batting: RHB Jasper Burd 0-0: Ball
1-0: Ball
Pickoff Throw to First - Error! E1
Micah Miller to second
2-0: Foul Ball, location: 2F
2-1: Ball
3-1: Foul Ball, location: 2F
3-2: Foul Ball, location: 2F
3-2: Base on Balls
Batting: RHB Mike Harkins 0-0: Ball
1-0: Called Strike
1-1: Ground out 4-3 (Groundball, 4, EV 83.1 MPH)
Top of the 8th over - 0 runs, 0 hits, 1 error, 2 left on base; California 2 - Kansas City 7
BOTTOM OF THE 8TH
Kansas City Royals batting - Pitching for California Angels : RHP George Rosario
Batting: LHB Zion Davidson 0-0: Ball
1-0: Swinging Strike
1-1: Foul Ball, location: 2F
1-2: Ball
2-2: Foul Ball, location: 2F
2-2: Strikes out looking
Batting: LHB Sam Britt 0-0: Fly out, F9 (Flyball, 9LM, EV 88.8 MPH)
Batting: RHB Aaron Matthews 0-0: Swinging Strike
0-1: Called Strike
0-2: Foul Ball, location: 2F
0-2: Strikes out looking
Bottom of the 8th over - 0 runs, 0 hits, 0 errors, 0 left on base; California 2 - Kansas City 7
TOP OF THE 9TH
California Angels batting - Pitching for Kansas City Royals : RHP Skyler Webster
Batting: LHB Jack Bell 0-0: Called Strike
0-1: Foul Ball, location: 2F
0-2: Foul Ball, location: 2F
0-2: Foul Ball, location: 2F
0-2: Foul Ball, location: 2F
0-2: Foul Ball, location: 2F
0-2: Ball
1-2: Ball
2-2: Fly out, F3 (Popup, 23F, EV 74.4 MPH)
Pitching: LHP John Brooks
Batting: RHB Avery Maxwell 0-0: SOLO HOME RUN (Flyball, 9D, EV 95.0 MPH), Distance : 381 ft
Batting: RHB Justin Lauderdale 0-0: Called Strike
0-1: Swinging Strike
0-2: Strikes out swinging
Batting: RHB Danny Odom 0-0: Called Strike
0-1: Ball
1-1: Called Strike
1-2: Ball
2-2: Ball
3-2: Base on Balls
Batting: RHB Nick Dunn 0-0: Foul Ball, location: 2F
0-1: Ball
1-1: Ball
2-1: Called Strike
2-2: Strikes out swinging
Top of the 9th over - 1 run, 1 hit, 0 errors, 1 left on base; California 3 - Kansas City 7
Wednesday, June 22nd , 2022 - OOTP Baseball 23.4 Build 64